 Dungeon Crawl Stone Soup version 0.31-a0-836-g3ceb0a68c4 (webtiles) character file.

Game seed: 14191134865173902164

55 avis the Changeling (level 3, 0/16 HPs)
             Began as a Felid Shapeshifter on Sept 27, 2023.
             Succumbed to an adder's poison
             ... on level 2 of the Dungeon.
             The game lasted 00:05:09 (815 turns).

avis the Changeling (Felid Shapeshifter)             Turns: 815, Time: 00:05:10

Health: 0/16       AC:  1    Str: 12    XL:     3   Next: 67%
Magic:  4/4        EV: 14    Int: 11    God:
Gold:   69         SH:  0    Dex: 15    Spells: 2/2 levels left
                                        Lives:  0   Deaths: 1

rFire   . .          .
                       - Unarmed
rCold   . . .        (shield unavailable)
rNeg    . . .        (body armour unavailable)
rPois   .            (helmet unavailable)
rElec   .            (cloak unavailable)
rCorr   .            (gloves unavailable)
SInv    +            (boots unavailable)
Will    .....        (no amulet)
Stlth   ++           h - ring of flight
HPRegen 0.22/turn    (no ring)
MPRegen 0.09/turn

%: no passive effects
@: lethally poisoned (0 -> -1), beast-form, flying, constricted, quick
A: beast (slay +2), very small, claws 1, fangs 3, see invisible, speed 1, shaggy
fur 1, stealthy paws, no weapons or thrown items, no armour, multi-lived
a: Begin Untransformation


You were on level 2 of the Dungeon.
You were a hulking beast.
You visited 1 branch of the dungeon, and saw 2 of its levels.

You collected 69 gold pieces.

Inventory:

Jewellery
 h - a ring of flight (left paw)
Talismans
 b - a beast talisman (active)
 c - a flux talisman
Scrolls
 e - a scroll of identify {unknown}
 f - a scroll of vulnerability {unknown}
Potions
 a - a potion of lignification
 d - 2 potions of curing {unknown}
 g - a potion of invisibility {unknown}
 i - a potion of cancellation {unknown}


   Skills:
 * Level 2.4 Fighting
 - Level 3.0 Dodging
 - Level 3.0 Stealth
 - Level 3.0 Unarmed Combat
 - Level 3.5 Shapeshifting


You had 2 spell levels left.
You didn't know any spells.
Your spell library was empty.

Dungeon Overview and Level Annotations

Branches:
Dungeon (2/15)

Altars:

Shops:
D:1 *

Annotations:
D:2 Robin


Innate Abilities, Weirdness & Mutations

You are a hulking beast.
Your limbs bulge with bestial killing power. (Slay +2)
You have sharp claws.
You have razor-sharp teeth.
You have supernaturally acute eyesight. (SInv)
You cover ground quickly. (Speed+)
You are covered in fur. (AC +1)
Your paws help you pounce on unaware monsters.
You are incapable of wielding weapons or throwing items.
You cannot wear armour.
You gain extra lives every three experience levels.


Message History

A frilled lizard comes into view.
You see here a ball python corpse.
The frilled lizard hisses angrily.
You scratch the adder.
The adder is lightly wounded.
You barely miss the adder.
The adder is lightly wounded.
The adder closely misses you. The ball python bites you.
The ball python grabs you. The ball python constricts you.
You barely miss the adder. Your bite misses the adder.
The adder is lightly wounded.
The adder misses you. The ball python bites you.
The ball python constricts you. The adder barely misses you.
You scratch the adder.
The adder is severely wounded.
The ball python barely misses you. The ball python constricts you.
The adder bites you.
You are poisoned.
The adder poisons you!
You escape the ball python's grasp.
You feel sick. The adder attacks as it pursues you!
The adder barely misses you.
Things that are here:
a +0 dagger; a goblin corpse You claw the adder!
You kill the adder!
You feel sick.
You closely miss the ball python.
You feel sick.
The ball python bites you but does no damage.
The ball python grabs you. The ball python constricts you.
The ball python bites you.
* * * LOW HITPOINT WARNING * * *
The ball python constricts you.
You closely miss the ball python.
* * * LOW HITPOINT WARNING * * *
You feel sick. The ball python misses you. The ball python constricts you.
* * * LOW HITPOINT WARNING * * *
Unknown command.
You scratch the ball python.
The ball python is severely wounded.
You die...

##. #.. ##.#.
#...#.# ##...
...#...#
####.#.#.#...#.#
.#...#...##.##
#.##.#.# ...
#.##...##.###.##
##.##.#..Sl......
#.....##h###.###.
#.###...........
#.####.###.###.#
#.#####.........
#.# #.########
#.#####.#
#.......#
##.###### #.#


You could see a ball python and a frilled lizard.

Vanquished Creatures
  2 adders (D:2)
  3 endoplasms (D:1)
  9 goblins
  2 hobgoblins
  2 kobolds (D:1)
  3 ball pythons
  6 bats (D:1)
  A frilled lizard (D:2)
  8 rats (D:1)
36 creatures vanquished.

Notes
Turn   | Place    | Note
-------+----------+-------------------------------------------
     0 | D:1      | avis the Felid Shapeshifter began the quest for the Orb.
     0 | D:1      | Reached XP level 1. HP: 9/9 MP: 2/2
   120 | D:1      | Reached XP level 2. HP: 13/13 MP: 3/3
   140 | D:1      | Reached skill level 1 in Stealth
   470 | D:1      | Found Mafefeis's Assorted Antiques.
   639 | D:2      | Reached XP level 3. HP: 16/16 MP: 4/4
   761 | D:2      | Noticed Robin
   779 | D:2      | Slain by Robin
   815 | D:2      | Succumbed to an adder's poison

Illustrated notes

Levels and vault maps discovered:
D:1:      dpeg_arrival_ratfight, layout_rooms, serial_shops, shop
D:2:      layout_loops_ring, hellmonk_ecumenical_altar_run_dry,
          nicolae_concentric_dashed_squares_mild, grunt_decor_clamped,
          uniq_robin

Skill      XL: |  1  2 |
---------------+-------+-----
Fighting       | 2 |  2.4
Dodging        | 3 |  3.0
Stealth        | 3 |  3.0
Unarmed Combat | |  3.0
Shapeshifting  | |  3.5

Action                     || total
---------------------------++-------
  Melee: Unarmed           ||    89
         Bite              ||     4
         Punch             ||     1
   Stab: Sleeping          ||     3
 Armour: Skin              ||    25
  Dodge: Dodged            ||    49

Table legend: (Time is in decaauts)
 A = Elapsed time spent in this place.
 B = Non-inter-level travel time spent in this place.
 C = Inter-level travel time spent in this place.
 D = Time resting spent in this place.
 E = Time spent auto-exploring this place.
 F = Levels seen in this place.
 G = Mean time per level.
                   A        B        C        D        E       F      G
               +--------+--------+--------+--------+--------+-----+--------+
         Total |    682 |    648 |     34 |     57 |    299 |   2 |  341.0 |
       Dungeon |    682 |    648 |     34 |     57 |    299 |   2 |  341.0 |
               +--------+--------+--------+--------+--------+-----+--------+

Top non-repeatable levels by time:
     D:1: 515 daAuts
     D:2: 167 daAuts
